 Dungeon Crawl Stone Soup version 0.29.1-15-g9cfb28693d (webtiles) character file.

Game seed: 14392575308816299314

245 croobank the Firebug (level 5, -2/35 HPs)
             Began as a Demonspawn Fire Elementalist on Mar 21, 2023.
             Slain by Edmund
             ... wielding a +1 dire flail of protection
              (12 damage)
             ... on level 4 of the Dungeon.
             The game lasted 00:08:12 (1656 turns).

croobank the Firebug (Demonspawn Fire Elementalist) Turns: 1656, Time: 00:08:13

Health: -2/35      AC:  2    Str:  6 (9)  XL:     5   Next: 84%
Magic:  0/9        EV: 12    Int: 17 (18) God:
Gold:   125        SH:  0    Dex: 10 (13) Spells: 7/10 levels left

rFire   . . .      SeeInvis .   d - +0 morningstar
rCold   . . .      Faith    .   (no shield)
rNeg    . . .      Spirit   .   a - +0 robe
rPois   .          Reflect  .   (no helmet)
rElec   .          Harm     .   (no cloak)
rCorr   .          Rampage  .   (no gloves)
Will    .....                   (no boots)
Stlth   ++........              e - amulet of regeneration
HPRegen 0.91/turn               (no ring)
MPRegen 0.22/turn               (no ring)

@: no status effects
A: magic regeneration
a: no special abilities


You were on level 4 of the Dungeon.
You visited 1 branch of the dungeon, and saw 3 of its levels.
You also visited: Ossuary.

You collected 125 gold pieces.

Inventory:

Hand Weapons
 d - a +0 morningstar (weapon)
 g - a +0 short sword
Missiles
 f - 3 atropa-tipped darts
Armour
 a - a +0 robe (worn)
Jewellery
 e - an amulet of regeneration (around neck)
 l - a ring of positive energy
Wands
 p - a wand of iceblast (8)
Scrolls
 h - 4 scrolls of identify {unknown}
 i - 3 scrolls of teleportation {unknown}
 k - a scroll of vulnerability {unknown}
Potions
 b - a potion of curing
 c - a potion of brilliance
 j - 3 potions of degeneration
 m - 2 potions of mutation {unknown}
 n - 2 potions of might {unknown}
 o - 2 potions of flight {unknown}


   Skills:
 + Level 2.9 Dodging
 + Level 3.0 Stealth
 + Level 3.1 Spellcasting
 + Level 2.6 Conjurations
 + Level 3.5 Fire Magic


You had 7 spell levels left.
You knew the following spells:

 Your Spells              Type           Power      Damage    Failure   Level
a - Foxfire               Conj/Fire      52%        2x1d6     4%          1
b - Scorch                Fire           28%        2d6       6%          2

Your spell library contained the following spells:

 Spells                   Type           Power      Damage    Failure   Level
 Conjure Flame            Conj/Fire      13%        6-21      14%         3
 Apportation              Tloc           4%         N/A       17%         1
 Inner Flame              Hex/Fire       8%         N/A       26%         3
 Dazzling Flash           Conj/Hex       14%        N/A       30%         3
 Flame Wave               Conj/Fire      13%        2d6       43%         4
 Iskenderun's Mystic Bla  Conj/Tloc      7%         2d4       69%         4
 Alistair's Intoxication  Tmut/Pois      1%         N/A       99%         5
 Starburst                Conj/Fire      6%         6d4       100%        6


Dungeon Overview and Level Annotations

Branches:
Dungeon (2/15)            Ossuary (visited)

Altars:
Trog

Annotations:
D:4 Edmund


Innate Abilities, Weirdness & Mutations

You regenerate magic rapidly.


Message History

Found a crooked gold wand.
You see here a wand of iceblast (9).
p - a wand of iceblast (9)
Aiming: Iceblast
Press: ? - help, Shift-Dir - straight line, f - Edmund
Aim: Edmund, wielding a +1 dire flail of protection and wearing a +0 chain mail The mass of ice explodes!
The iceblast engulfs Edmund!
Edmund is moderately wounded.
Casting: Scorch (safe; 5% risk of failure)
Confirm with . or Enter, or press ? or * to list all spells.
Flames lash Edmund.
Edmund is heavily wounded.
Edmund's fire resistance burns away.
Edmund hits you with a +1 dire flail of protection!
Casting: Scorch (safe; 5% risk of failure)
Confirm with . or Enter, or press ? or * to list all spells.
Flames lash Edmund but do no damage.
You hear an angry hiss.
Edmund barely misses you.
Casting: Scorch (safe; 5% risk of failure)
Confirm with . or Enter, or press ? or * to list all spells.
Flames lash Edmund.
Edmund is burned terribly!
Edmund is heavily wounded.
Edmund hits you with a +1 dire flail of protection!
Casting: Scorch (safe; 5% risk of failure)
Confirm with . or Enter, or press ? or * to list all spells.
Flames lash Edmund.
Edmund is heavily wounded.
Edmund hits you with a +1 dire flail of protection!
Casting: Scorch (safe; 5% risk of failure)
Confirm with . or Enter, or press ? or * to list all spells.
Flames lash Edmund but do no damage.
You hear an angry hiss.
Edmund hits you with a +1 dire flail of protection.
* * * LOW HITPOINT WARNING * * *
It was a potion of degeneration.
There was something very wrong with that liquid.
You feel weakened.
You feel dopey.
You feel clumsy.
Edmund hits you with a +1 dire flail of protection!
You die...

## ###. #. ...
.. # .##.. ...#
#####.#.# .#.
.....)..# ..
#.....# .# #
#....####.#.#
#...........#
#.##...#.@@...#
#......#......#
#####@.#......#
#.#..#......#
#....#......#
#.#..#......#
###.##.#.#.#..#
#.@.>)........#
#.#......#.#


You could see Edmund (combustible).

Vanquished Creatures
  3 water moccasin zombies (Ossuary)
  2 mummies (Ossuary)
  An ufetubus (D:4)
  8 adder zombies (Ossuary)
  2 endoplasms (D:1)
  2 hobgoblins (D:1)
  3 jackals (D:1)
  A quokka (D:1)
  3 bats (D:1)
  2 frilled lizards (D:1)
  5 gnoll zombies (Ossuary)
  4 hobgoblin zombies (Ossuary)
  A kobold (D:1)
  2 kobold zombies (Ossuary)
  5 orc zombies (Ossuary)
44 creatures vanquished.

Vanquished Creatures (others)
  72 foxfires
72 creatures vanquished.

Grand Total: 116 creatures vanquished

Notes
Turn   | Place    | Note
-------+----------+-------------------------------------------
     0 | D:1      | croobank the Demonspawn Fire Elementalist began the quest
                  | for the Orb.
     0 | D:1      | Reached XP level 1. HP: 13/13 MP: 3/3
   495 | D:1      | Gained mutation: You regenerate magic rapidly. [demonic
                  | ancestry]
   495 | D:1      | Reached XP level 2. HP: 19/19 MP: 3/5
   716 | D:1      | Learned a level 2 spell: Scorch
   832 | D:2      | You fall into a shaft and drop 2 floors!
   887 | D:4      | Found a bloodstained altar of Trog.
   937 | D:4      | Found a sand-covered staircase.
   943 | Ossuary  | Entered an ossuary
  1011 | Ossuary  | Reached XP level 3. HP: 24/24 MP: 1/6
  1030 | Ossuary  | Reached XP level 4. HP: 10/30 MP: 0/7
  1267 | Ossuary  | Reached XP level 5. HP: 35/35 MP: 5/9
  1618 | D:4      | Noticed Edmund
  1656 | D:4      | Slain by Edmund

Illustrated notes

Levels and vault maps discovered:
D:1:      dpeg_arrival_arbitrary_a, layout_loops_ring
D:2:      layout_basic, basic_altar
D:4:      layout_basic, mainiacjoe_overflow_concentric_impassable,
          minmay_temple_entry_trees, nicolae_ossuary_entry_plus,
          reono_crystal_passage, uniq_blork_the_orc, uniq_menkaure, uniq_edmund

Skill      XL: |  1  2  3  4  5 |
---------------+----------------+-----
Stealth        | 2 3 |  3.0
Dodging        | 2 |  2.9
Fire Magic     | 3 |  3.5
Conjurations   | 2 |  2.6
Spellcasting   | 3 |  3.1

Action                   |  1- 3 |  4- 6 || total
-------------------------+-------+-------++-------
Melee: Morningstar       |    18 |     9 ||    27
 Cast: Foxfire           |    25 |    17 ||    42
       Scorch            |     9 |    35 ||    44
Evoke: Wand              |       |     1 ||     1
  Use: Potion            |     1 |     4 ||     5
Armor: Robe              |     5 |    10 ||    15
Dodge: Dodged            |    18 |    23 ||    41
